 Dungeon Crawl Stone Soup version 0.27.1-1-g398f81649c (webtiles) character file.

Game seed: 15127014882155126156

290 speeev33 the Skirmisher (level 6, -1/56 HPs)
             Began as a Hill Orc Fighter on Sept 16, 2021.
             Killed by divine providence
             ... invoked by an orc priest
              (11 damage)
             ... on level 3 of the Dungeon.
             The game lasted 00:06:56 (3404 turns).

speeev33 the Skirmisher (Hill Orc Fighter)          Turns: 3404, Time: 00:06:56

Health: -1/56      AC: 11    Str: 21    XL:     6   Next: 32%
Magic:  0/6        EV:  7    Int:  3    God:
Gold:   986        SH: 10    Dex: 10    Spells: 5/5 levels left

rFire    . . .     SeeInvis .   a - +0 war axe
rCold    . . .     Faith    .   c - +1 kite shield
rNeg     + . .     Spirit   +   b - +0 scale mail
rPois    .         Reflect  .   (no helmet)
rElec    +         Harm     .   f - +0 cloak
rCorr    .         Rampage  .   g - +2 pair of gloves of Vehumet's Anger {rElec rN+ Int-5 Stlth+}
Will     .....                  (no boots)
Stlth    +.........             e - amulet of guardian spirit
HPRegen  0.18/turn              (no ring)
MPRegen  0.10/turn              (no ring)

@: no status effects
A: no striking features
a: Convert to Beogh


You were on level 3 of the Dungeon.
You visited 1 branch of the dungeon, and saw 3 of its levels.

You collected 986 gold pieces.

Inventory:

Hand Weapons
 a - a +0 war axe (weapon)
Armour
 b - a +0 scale mail (worn)
 c - a +1 kite shield (worn)
 f - a +0 cloak (worn)
 g - the +2 pair of gloves of Vehumet's Anger (worn) {rElec rN+ Int-5 Stlth+}
   (You acquired it on level 2 of the Dungeon)

   Int:       It affects your intelligence (-5).
   rElec:     It insulates you from electricity.
   rN:        It protects you from negative energy.
   Stlth:     It makes you more stealthy.
Jewellery
 e - an amulet of guardian spirit (around neck)
Wands
 d - a wand of iceblast (6)


   Skills:
 + Level 5.2 Fighting
 + Level 4.7 Axes
 + Level 4.7 Armour
 + Level 4.7 Shields


You had 5 spell levels left.
You didn't know any spells.
Your spell library contained the following spells:

 Spells                   Type           Power      Damage    Failure   Level
 Beastly Appendage        Tmut           0%         N/A       99%         1
 Wereblood                Tmut           0%         N/A       100%        2
 Conjure Flame            Conj/Fire      0%         6-21      100%        3
 Ignite Poison            Fire/Tmut/Pois 0%         N/A       100%        3
 Spider Form              Tmut/Pois      0%         N/A       100%        3
 Sticky Flame             Conj/Fire      0%         2d3       100%        4
 Summon Ice Beast         Ice/Summ       0%         N/A       100%        4
 Summon Mana Viper        Hex/Summ       0%         N/A       100%        5
 Monstrous Menagerie      Summ           0%         N/A       100%        7


Dungeon Overview and Level Annotations

Branches:
Dungeon (3/15)

Altars:

Annotations:
D:2 Grinder


Message History

You block the orc priest's attack. x2
You closely miss the orc priest.
The orc priest threatens, "By the altar or by the axe, you will meet Beogh!"
The orc priest is severely wounded.
The orc priest shouts, "Surrender to Beogh and we'll let you live!"
The orc priest hits you with a +0 whip.
You closely miss the orc priest.
The orc priest is severely wounded.
The orc priest hits you but does no damage.
The orc priest mumbles some strange prayers to Beogh against you.
You barely resist.
Your shield prevents you from hitting the orc priest.
The orc priest is severely wounded.
The orc priest hits you but does no damage.
You completely miss the orc priest.
The orc priest is severely wounded.
The orc priest hits you but does no damage.
You hit the orc priest.
The orc priest is severely wounded.
The orc priest invokes the aid of Beogh against you.
Beogh smites you! The orc priest hits you with a +0 whip.
You hit the orc priest but do no damage.
The orc priest shouts, "Beogh is our master!
Accept the truth or die!"
The orc priest is severely wounded.
The orc priest shouts, "Beogh is our master!
Accept the truth or die!"
You block the orc priest's attack.
You hit the orc priest.
The orc priest is severely wounded.
The orc priest calls down the wrath of Beogh upon you.
Beogh smites you!
* * * LOW HITPOINT WARNING * * *
The orc priest calls down the wrath of Beogh upon you.
Pain shoots through your body!
* * * LOW HITPOINT WARNING * * *
You aren't carrying any potions.
You closely miss the orc priest.
The orc priest is severely wounded.
The orc priest calls down the wrath of Beogh upon you.
Beogh smites you!
You die...

.## ##### #.##.#######
..###### #.##.#
#.<....###############.##.#
..)....................##.#
#...........####..........#
#......####.# #.##########
#......# #.# #.# #.##.###
#.# #)# #.##.## #.# #@#
#.#...# #....o.# ....#.#
######## ..#...# #######


You could see an orc priest.

Vanquished Creatures
  A water moccasin zombie (D:3)
  An orc priest (D:3)
  Ijyb (D:3)
  2 orc wizards (D:3)
  6 adders
  3 worms
  2 dart slugs
  3 orcs (D:3)
  A ball python (D:2)
  7 endoplasms
  3 giant cockroaches
  6 goblins
  6 hobgoblins
  6 bats
  4 frilled lizards
  8 kobolds
  7 rats
67 creatures vanquished.

Vanquished Creatures (others)
  13 plants (D:1)
13 creatures vanquished.

Grand Total: 80 creatures vanquished

Notes
Turn   | Place    | Note
-------+----------+-------------------------------------------
     0 | D:1      | speeev33 the Hill Orc Fighter began the quest for the Orb.
     0 | D:1      | Reached XP level 1. HP: 19/19 MP: 1/1
    64 | D:1      | Found a faded altar of an unknown god.
   403 | D:1      | Reached XP level 2. HP: 27/27 MP: 2/2
   844 | D:2      | Reached skill level 4 in Fighting
   846 | D:2      | Reached XP level 3. HP: 15/33 MP: 3/3
   846 | D:2      | Identified 2 scrolls of acquirement
   846 | D:2      | Acquired the +2 pair of gloves of Vehumet's Anger {rElec
                  | rN+ Int-5 Stlth+}
  1114 | D:2      | Acquired 825 gold pieces
  1338 | D:2      | Reached XP level 4. HP: 40/40 MP: 4/4
  1780 | D:3      | Noticed Grinder
  1785 | D:3      | Paralysed by Grinder for 7 turns
  2168 | D:3      | Noticed Ijyb
  2191 | D:3      | HP: 2/41 [Ijyb (2)]
  2192 | D:3      | Killed Ijyb
  2193 | D:3      | Reached XP level 5. HP: 3/47 MP: 1/5
  3197 | D:3      | Reached skill level 5 in Fighting
  3197 | D:3      | Reached XP level 6. HP: 56/56 MP: 4/6
  3404 | D:3      | Killed from afar by an orc priest

Illustrated notes

Levels and vault maps discovered:
D:1:      giann_horns, layout_basic, hellmonk_ecumenical_altar_prayer_group,
          minmay_misc_feat_enclosed, serial_bayou_pond_c, dk_noncrumbling_3
D:2:      layout_loops_ring
D:3:      layout_loops_ring, chequers_serial_rivers_micro_c, uniq_ijyb,
          uniq_grinder

Skill      XL: |  1  2  3  4  5 |
---------------+----------------+-----
Axes           | 3 4 |  4.7
Fighting       | 4 5 |  5.2
Armour         | 4 |  4.7
Shields        | 4 |  4.7

Action                   |  1- 3 |  4- 6 || total
-------------------------+-------+-------++-------
Melee: War axe           |    78 |   168 ||   246
  Use: Scroll            |     7 |     2 ||     9
       Potion            |       |     2 ||     2
Armor: Scale mail        |    32 |    95 ||   127
Dodge: Dodged            |    21 |    40 ||    61
Block: Kite shield       |    43 |    87 ||   130
